[ PARTIDA AOE2 · #508382171 ]
UnrankedMaya vs Vietnamese
Equipo del jugador · VICT
Equipo rival · DERR
[ ANÁLISIS DE REPETICIÓN · EXTRAÍDO DE LA PARTIDA GRABADA ]
Feudal
10:42
Castillos
21:35
Imperial
—
| APM promedio | 75.6 |
| APM pico | 144 |
| eAPM promedio | 36.9 |
| Aldeanos / militares | 72 / 53 |
Foco
⚔️ 59.6% · 🌾 40.4%
Archer ×27 · Eagle Scout ×13 · Skirmisher ×9 · Militia ×4
Feudal
8:51
Castillos
—
Imperial
—
| APM promedio | 73.8 |
| APM pico | 109 |
| eAPM promedio | 22.8 |
| Aldeanos / militares | 56 / 28 |
Foco
⚔️ 29.8% · 🌾 70.2%
Archer ×20 · Scout Cavalry ×5 · Skirmisher ×2 · Spearman ×1
Mapa de la partida
Recursos iniciales + cada clic de construcción. Líneas = muros · curvas = relieve. ◆ oro · ⬟ piedra · ● bayas · ✦ reliquia · ◌ hueco del cierre
Tu base· Abierta — flanco sin cerrar
Base de 主打抽象· Abierta — flanco sin cerrar
Terreno inicial suavizado · ◌ = hueco del cierre detectado · pasá el cursor para detalles
Inputs por minuto
— 啊这 - - 主打抽象
Build order — 啊这
Primeras 150 de 185 acciones detectadas
| 0:01 | Investigar | Loom |
| 0:02 | Construir | House |
| 0:03 | Construir | House |
| 0:05 | Encolar | Villager (Male) |
| 0:11 | Encolar | Villager (Male) |
| 0:17 | Encolar | Villager (Male) |
| 1:36 | Encolar | Villager (Male) |
| 1:50 | Encolar | Villager (Male) |
| 1:56 | Construir | Lumber Camp |
| 2:31 | Encolar | Villager (Male) |
| 2:42 | Encolar | Villager (Male) |
| 3:20 | Encolar | Villager (Male) |
| 3:20 | Encolar | Villager (Male) |
| 3:45 | Encolar | Villager (Male) |
| 3:49 | Construir | House |
| 4:11 | Encolar | Villager (Male) |
| 4:33 | Construir | Barracks |
| 4:41 | Encolar | Villager (Male) |
| 4:43 | Encolar | Villager (Male) |
| 5:01 | Encolar | Villager (Male) |
| 5:24 | Construir | House |
| 5:30 | Encolar | Militia |
| 5:33 | Encolar | Militia |
| 5:49 | Encolar | Villager (Male) |
| 6:17 | Encolar | Villager (Male) |
| 6:32 | Encolar | Villager (Male) |
| 6:34 | Construir | Mill |
| 6:44 | Encolar | Villager (Male) |
| 6:56 | Encolar | Villager (Male) |
| 6:58 | Encolar | Villager (Male) |
| 7:36 | Encolar | Villager (Male) |
| 7:45 | Encolar | Villager (Male) |
| 7:45 | Encolar | Villager (Male) |
| 7:46 | Encolar | Villager (Male) |
| 7:48 | Construir | Mill |
| 7:48 | Encolar | Villager (Male) |
| 8:06 | Encolar | Villager (Male) |
| 8:20 | Investigar | Feudal Age |
| 8:24 | Construir | Mining Camp |
| 8:52 | Encolar | Villager (Male) |
| 9:15 | Encolar | Militia |
| 9:18 | Encolar | Villager (Male) |
| 9:32 | Encolar | Villager (Male) |
| 9:37 | Encolar | Villager (Male) |
| 9:40 | Encolar | Militia |
| 10:06 | Encolar | Villager (Male) |
| 10:16 | Encolar | Villager (Male) |
| 10:18 | Construir | House |
| 10:20 | Construir | House |
| 10:23 | Encolar | Villager (Male) |
| 10:27 | Encolar | Villager (Male) |
| 10:30 | Construir | Farm |
| 10:32 | Construir | Farm |
| 10:42 | Edad | Edad Feudal |
| 10:46 | Encolar | Villager (Male) |
| 10:51 | Encolar | Eagle Scout |
| 10:54 | Construir | Archery Range |
| 11:04 | Investigar | Double-Bit Axe |
| 11:11 | Encolar | Villager (Male) |
| 11:25 | Investigar | Gold Mining |
| 11:26 | Encolar | Villager (Male) |
| 11:30 | Encolar | Villager (Male) |
| 11:34 | Construir | House |
| 11:43 | Encolar | Eagle Scout |
| 11:51 | Encolar | Skirmisher |
| 12:01 | Construir | House |
| 12:10 | Construir | Farm |
| 12:16 | Construir | Farm |
| 12:21 | Encolar | Archer |
| 12:28 | Encolar | Villager (Male) |
| 12:38 | Encolar | Villager (Male) |
| 12:42 | Encolar | Skirmisher |
| 12:43 | Encolar | Eagle Scout |
| 12:52 | Encolar | Villager (Male) |
| 13:07 | Encolar | Skirmisher |
| 13:12 | Construir | Farm |
| 13:19 | Encolar | Skirmisher |
| 13:28 | Encolar | Skirmisher |
| 13:46 | Encolar | Skirmisher |
| 13:47 | Encolar | Villager (Male) |
| 13:48 | Construir | House |
| 13:53 | Encolar | Eagle Scout |
| 13:58 | Construir | Farm |
| 13:59 | Construir | Farm |
| 14:08 | Encolar | Villager (Male) |
| 14:09 | Construir | Blacksmith |
| 14:19 | Encolar | Skirmisher |
| 14:23 | Encolar | Archer |
| 14:25 | Encolar | Villager (Male) |
| 14:29 | Encolar | Eagle Scout |
| 14:32 | Construir | House |
| 14:34 | Encolar | Villager (Male) |
| 14:38 | Construir | Farm |
| 14:41 | Encolar | Archer |
| 14:49 | Encolar | Villager (Male) |
| 14:54 | Construir | House |
| 14:57 | Investigar | Fletching |
| 15:11 | Encolar | Archer |
| 15:14 | Construir | Farm |
| 15:18 | Encolar | Archer |
| 15:28 | Investigar | Scale Mail Armor |
| 15:36 | Encolar | Skirmisher |
| 15:54 | Encolar | Skirmisher |
| 15:54 | Encolar | Archer |
| 15:56 | Encolar | Eagle Scout |
| 16:09 | Encolar | Villager (Male) |
| 16:10 | Encolar | Archer |
| 16:13 | Construir | Farm |
| 16:15 | Construir | Farm |
| 16:16 | Construir | Farm |
| 16:18 | Construir | Farm |
| 16:28 | Encolar | Archer |
| 16:30 | Encolar | Villager (Male) |
| 16:32 | Construir | Farm |
| 16:43 | Encolar | Archer |
| 16:44 | Encolar | Eagle Scout |
| 16:51 | Encolar | Archer |
| 17:05 | Encolar | Archer |
| 17:07 | Encolar | Villager (Male) |
| 17:07 | Encolar | Villager (Male) |
| 17:09 | Construir | Farm |
| 17:17 | Encolar | Eagle Scout |
| 17:18 | Encolar | Villager (Male) |
| 17:22 | Encolar | Villager (Male) |
| 17:27 | Construir | Farm |
| 17:32 | Construir | Farm |
| 17:43 | Encolar | Archer |
| 17:50 | Encolar | Villager (Male) |
| 18:08 | Encolar | Eagle Scout |
| 18:10 | Construir | House |
| 18:18 | Construir | Lumber Camp |
| 18:22 | Encolar | Archer |
| 18:24 | Encolar | Eagle Scout |
| 18:32 | Encolar | Villager (Male) |
| 18:55 | Investigar | Castle Age |
| 18:56 | Investigar | Castle Age |
| 19:07 | Encolar | Archer |
| 19:17 | Encolar | Eagle Scout |
| 19:21 | Encolar | Villager (Male) |
| 19:24 | Construir | Archery Range |
| 19:26 | Encolar | Villager (Male) |
| 19:31 | Encolar | Archer |
| 20:12 | Encolar | Archer |
| 20:14 | Encolar | Villager (Male) |
| 20:15 | Construir | Archery Range |
| 20:17 | Encolar | Villager (Male) |
| 20:20 | Encolar | Archer |
| 20:21 | Encolar | Eagle Scout |
| 20:29 | Encolar | Villager (Male) |
| 20:34 | Encolar | Archer |
Build order — 主打抽象
149 acciones detectadas en el replay
| 0:00 | Encolar | Villager (Male) |
| 0:01 | Encolar | Villager (Male) |
| 0:02 | Construir | House |
| 0:02 | Encolar | Villager (Male) |
| 0:03 | Construir | House |
| 0:04 | Encolar | Villager (Male) |
| 1:24 | Encolar | Villager (Male) |
| 2:03 | Encolar | Villager (Male) |
| 2:11 | Construir | Mill |
| 2:16 | Encolar | Villager (Male) |
| 2:56 | Encolar | Villager (Male) |
| 3:12 | Construir | House |
| 3:19 | Encolar | Villager (Male) |
| 3:20 | Encolar | Villager (Male) |
| 3:26 | Encolar | Villager (Male) |
| 3:26 | Encolar | Villager (Male) |
| 4:06 | Encolar | Villager (Male) |
| 4:20 | Encolar | Villager (Male) |
| 4:33 | Encolar | Villager (Male) |
| 4:33 | Encolar | Villager (Male) |
| 4:34 | Encolar | Villager (Male) |
| 4:51 | Encolar | Villager (Male) |
| 5:01 | Encolar | Villager (Male) |
| 6:03 | Investigar | Loom |
| 6:04 | Investigar | Loom |
| 6:13 | Construir | Lumber Camp |
| 6:36 | Investigar | Feudal Age |
| 6:36 | Investigar | Feudal Age |
| 7:19 | Encolar | Villager (Male) |
| 7:19 | Encolar | Villager (Male) |
| 7:52 | Encolar | Villager (Male) |
| 8:35 | Construir | Barracks |
| 8:51 | Edad | Edad Feudal |
| 8:57 | Investigar | Double-Bit Axe |
| 8:59 | Construir | Mill |
| 9:28 | Construir | Archery Range |
| 9:31 | Encolar | Spearman |
| 9:34 | Encolar | Villager (Male) |
| 9:47 | Construir | House |
| 10:13 | Encolar | Archer |
| 10:18 | Construir | House |
| 10:20 | Construir | Mining Camp |
| 10:27 | Encolar | Villager (Male) |
| 10:47 | Encolar | Skirmisher |
| 11:00 | Encolar | Villager (Male) |
| 11:21 | Encolar | Archer |
| 11:27 | Encolar | Villager (Male) |
| 11:29 | Construir | House |
| 11:31 | Construir | Palisade Wall |
| 12:02 | Encolar | Archer |
| 12:10 | Construir | Mill |
| 12:12 | Encolar | Villager (Male) |
| 12:29 | Encolar | Villager (Male) |
| 12:36 | Encolar | Villager (Male) |
| 12:48 | Encolar | Archer |
| 12:49 | Encolar | Villager (Male) |
| 13:07 | Encolar | Skirmisher |
| 13:11 | Encolar | Villager (Male) |
| 13:28 | Encolar | Archer |
| 13:31 | Construir | Blacksmith |
| 13:35 | Encolar | Archer |
| 13:46 | Encolar | Villager (Male) |
| 14:03 | Construir | Archery Range |
| 14:04 | Encolar | Villager (Male) |
| 14:06 | Construir | House |
| 14:07 | Construir | House |
| 14:08 | Encolar | Villager (Male) |
| 14:19 | Investigar | Fletching |
| 14:19 | Investigar | Fletching |
| 14:37 | Encolar | Villager (Male) |
| 14:40 | Encolar | Archer |
| 14:50 | Investigar | Padded Archer Armor |
| 14:51 | Encolar | Villager (Male) |
| 14:58 | Construir | Watch Tower |
| 15:24 | Encolar | Archer |
| 15:35 | Encolar | Villager (Male) |
| 15:43 | Encolar | Villager (Male) |
| 15:49 | Encolar | Archer |
| 16:06 | Encolar | Villager (Male) |
| 16:09 | Construir | Stable |
| 16:10 | Construir | Farm |
| 16:10 | Construir | Farm |
| 16:10 | Construir | Farm |
| 16:11 | Construir | Farm |
| 16:11 | Construir | Farm |
| 16:11 | Construir | Farm |
| 16:28 | Encolar | Archer |
| 16:28 | Encolar | Archer |
| 16:39 | Construir | Lumber Camp |
| 16:42 | Encolar | Archer |
| 16:51 | Encolar | Villager (Male) |
| 16:51 | Encolar | Villager (Male) |
| 17:17 | Construir | Farm |
| 17:17 | Construir | Farm |
| 17:18 | Construir | Farm |
| 17:18 | Construir | Farm |
| 17:22 | Encolar | Villager (Male) |
| 17:26 | Construir | House |
| 17:27 | Encolar | Villager (Male) |
| 17:51 | Construir | Stable |
| 17:55 | Encolar | Archer |
| 17:55 | Encolar | Archer |
| 17:58 | Construir | House |
| 17:59 | Construir | House |
| 18:00 | Encolar | Villager (Male) |
| 18:21 | Construir | House |
| 18:29 | Construir | Farm |
| 18:31 | Encolar | Villager (Male) |
| 18:44 | Encolar | Scout Cavalry |
| 18:45 | Encolar | Scout Cavalry |
| 18:47 | Encolar | Archer |
| 18:47 | Encolar | Archer |
| 18:59 | Encolar | Villager (Male) |
| 19:01 | Construir | Farm |
| 19:02 | Construir | Farm |
| 19:11 | Encolar | Scout Cavalry |
| 19:19 | Encolar | Archer |
| 19:20 | Encolar | Archer |
| 19:24 | Encolar | Villager (Male) |
| 19:26 | Construir | Farm |
| 19:30 | Encolar | Villager (Male) |
| 19:36 | Construir | Farm |
| 19:40 | Encolar | Villager (Male) |
| 19:50 | Construir | House |
| 20:01 | Encolar | Villager (Male) |
| 20:08 | Encolar | Villager (Male) |
| 20:15 | Investigar | Forging |
| 20:26 | Encolar | Scout Cavalry |
| 20:26 | Encolar | Scout Cavalry |
| 20:28 | Encolar | Archer |
| 20:28 | Encolar | Archer |
| 20:36 | Construir | Farm |
| 20:37 | Encolar | Villager (Male) |
| 20:44 | Encolar | Villager (Male) |
| 20:47 | Construir | Farm |
| 21:11 | Investigar | Scale Barding Armor |
| 21:37 | Encolar | Villager (Male) |
| 21:37 | Encolar | Villager (Male) |
| 21:45 | Construir | Farm |
| 21:45 | Construir | Farm |
| 21:45 | Construir | Farm |
| 21:46 | Construir | Farm |
| 21:46 | Construir | Farm |
| 21:46 | Construir | Farm |
| 21:46 | Construir | Farm |
| 21:47 | Encolar | Villager (Male) |
| 22:11 | Construir | Watch Tower |
| 22:49 | Construir | House |
| 23:12 | Construir | Market |
Cronología de la partida
| 4:33 | 啊这 · first_building Barracks |
| 8:35 | 主打抽象 · first_building Barracks |
| 8:51 | 主打抽象 · age_up feudal |
| 9:28 | 主打抽象 · first_building Archery Range |
| 10:42 | 啊这 · age_up feudal |
| 10:54 | 啊这 · first_building Archery Range |
| 11:31 | 主打抽象 · wall_segment Palisade Wall x9 |
| 16:09 | 主打抽象 · first_building Stable |
| 21:35 | 啊这 · age_up castle |
| 23:43 | 主打抽象 · resign |
[ ANÁLISIS IA · 1 CRÉDITO ]
¿Qué pasó realmente en esta partida?
Wolo.gg analiza cada decisión: build order, eco, micro, errores típicos por bracket. Análisis personalizado por WhatsApp o Discord en 30 segundos.
Guía civ
Maya
Perfil
Jugador #3051123